 Dungeon Crawl Stone Soup version 0.26-a0-466-g989023bd0d (webtiles) character file.

Game seed: 5447829468217788703

6428 KristoblXynda the Fighter (level 10, 0/91 HPs)
             Began as a Black Draconian Fighter on July 30, 2020.
             Was a Believer of Ashenzari.
             Killed by vampiric draining
             ... invoked by a vampire
              (10 damage)
             ... on level 10 of the Dungeon.
             The game lasted 00:15:40 (12811 turns).

KristoblXynda the Fighter (DrFi)                   Turns: 12811, Time: 00:15:41

Health: 0/91       AC:  8    Str: 19    XL:     10   Next: 67%
Magic:  0/10       EV: 15    Int: 11    God:    Ashenzari [**....]
Gold:   525        SH: 11    Dex: 11    Spells: 5/9 levels left

rFire    . . .     SeeInvis .   x - +1 long sword (curse)
rCold    . . .     Faith    .   b - +0 kite shield (curse)
rNeg     . . .     Spirit   +   (armour unavailable)
rPois    .         Reflect  .   (helmet restricted)
rElec    +         Harm     .   r - +0 cloak
rCorr    .                      (no gloves)
MR       .....                  (no boots)
Stlth    +.........             o - amulet of guardian spirit
HPRegen  0.25/turn              (no ring)
MPRegen  0.12/turn              (no ring)

@: no status effects
A: breathe lightning, unfitting armour, electricity resistance, cold-blooded, AC
+7
a: Breathe Lightning, Curse Item, Scrying, Renounce Religion


You were on level 10 of the Dungeon.
You worshipped Ashenzari.
Ashenzari was pleased with you.
You visited 2 branches of the dungeon, and saw 11 of its levels.

You collected 525 gold pieces.

Inventory:

Hand Weapons
 x - a cursed +1 long sword (weapon)
Armour
 b - a cursed +0 kite shield (worn)
 r - a +0 cloak (worn)
Jewellery
 f - an uncursed ring of protection from cold
 i - an uncursed ring of ice
 o - an amulet of guardian spirit (around neck)
 A - an uncursed ring of resist corrosion
Wands
 B - a wand of flame (21)
Scrolls
 a - a scroll of blinking {unknown}
 d - 6 scrolls of teleportation
 e - 6 scrolls of remove curse
 h - 2 scrolls of magic mapping
 j - 2 scrolls of enchant weapon
 t - a scroll of fear
 v - 3 scrolls of amnesia
 y - a scroll of immolation
Potions
 c - a potion of might
 g - 4 potions of brilliance
 k - 4 potions of ambrosia
 m - 3 potions of curing
 n - a potion of magic
 p - a potion of mutation
 u - a potion of haste
 w - a potion of resistance
 z - a potion of flight


   Skills:
 - Level 9.0 Fighting
 + Level 8.4(10.7) Long Blades
 + Level 8.0 Dodging
 + Level 8.8(10.2) Shields
 + Level 2.7 Evocations


You had 5 spell levels left.
You knew the following spells:

 Your Spells              Type           Power        Failure   Level
a - Petrify               Tmut/Erth      #.......     100%        4

Your spell library contained the following spells:

 Spells                   Type           Power        Failure   Level
 Poisonous Vapours        Pois/Air       #.....       69%         2
 Confusing Touch          Hex            #.......     89%         3
 Conjure Flame            Conj/Fire      #.......     89%         3
 Gell's Gravitas          Tloc           #.........   89%         3
 Mephitic Cloud           Conj/Pois/Air  #.......     89%         3
 Metabolic Englaciation   Hex/Ice        #.........   100%        5
 Yara's Violent Unravell  Hex/Tmut       #.........   100%        5
 Freezing Cloud           Conj/Ice/Air   #.........   100%        6


Dungeon Overview and Level Annotations

Branches:
Dungeon (10/15)            Temple (1/1) D:4            Lair (0/6) D:9
    Orc: D:9-12

Altars:
Ashenzari
Cheibriados
Dithmenos
Elyvilon
Fedhas
Gozag
Hepliaklqana
Kikubaaqudgha
Makhleb
Nemelex Xobeh
Okawaru
Qazlal
Ru
Sif Muna
Trog
Uskayaw
Vehumet
Wu Jian
Xom
Yredelemnul
Zin
The Shining One

Shops:
D:4 **((?

Annotations:
D:6 Prince Ribbit
D:10 Grum


Innate Abilities, Weirdness & Mutations

You can breathe wild blasts of lightning.
Your glossy black scales are hard. (AC +7)
You cannot fit into any form of body armour.
You are resistant to electric shocks. (rElec)
You are cold-blooded and may be slowed by cold attacks.


Message History

* * * LOW HITPOINT WARNING * * *
Something draws strength from your injuries!
Something completely misses you. You block something's attack.
Unknown command.
Really walk into that cloud of flame?
Okay, then.
Really walk into that cloud of flame?
Okay, then.
Really walk into that cloud of flame?
Okay, then.
Unknown command.
Unknown command.
Something completely misses you. Something bites you!
* * * LOW HITPOINT WARNING * * *
Something draws strength from your injuries!
A vampire appears from thin air!
Reactivating autopickup.
The vampire is engulfed in blazing flames.
The vampire is infused with unholy energy.
You die...

,* * ,..# *..#
*, , * * * ..#
..# * ..# ..# *
#########..#
*#..@V§§§...# ,
......#####§..##
, * .#### *
*#.#.# *,*,, ,
......, , , , ,,
, ..o...... , ,
, .o.o.V..... *
, o.h......... ,
, ,
gh.o......... ,
, ,,


You could see a vampire.

Vanquished Creatures
  Maggie (D:9)
  A hornet (D:8)
  A queen bee (D:9)
  3 yaks (D:8)
  A warg (D:10)
  Edmund (D:4)
  Menkaure (D:4)
  2 porcupines (D:9)
  3 black bears (D:9)
  An orc warrior (D:8)
  3 ice beasts
  3 sky beasts
  2 phantoms (D:8)
  A wolf (D:9)
  6 ogres
  2 centaurs (D:8)
  4 crocodiles (D:9)
  A big kobold (D:8)
  5 bullfrogs
  3 scorpions
  14 killer bees (D:9)
  4 wights (D:6)
  2 howler monkeys
  3 jellies
  2 centaur skeletons
  7 hounds
  3 bullfrog zombies
  3 orc priests
  7 iguanas
  3 orc wizards
  4 worker ants
  A worker ant zombie (D:9)
  2 howler monkey skeletons (D:5)
  14 adders
  2 white imps
  3 ufetubi
  An adder zombie (D:6)
  3 worms (D:2)
  2 dart slugs (D:2)
  10 leopard geckos
  29 orcs
  8 bats
  6 giant cockroaches
  5 goblins
  6 hobgoblins
  18 jackals
  2 quokkas
  4 ball pythons
  A ball python skeleton (D:5)
  4 frilled lizards
  15 kobolds
  6 rats
239 creatures vanquished.

Vanquished Creatures (others)
  An orc (D:9)
  A bush (D:9)
  A fungus (D:9)
  11 plants (D:9)
14 creatures vanquished.

Grand Total: 253 creatures vanquished

Notes
Turn   | Place    | Note
-------+----------+-------------------------------------------
     0 | D:1      | KristoblXynda the Draconian Fighter began the quest for the
                  | Orb.
     0 | D:1      | Reached XP level 1. HP: 19/19 MP: 1/1
    46 | D:1      | Reached XP level 2. HP: 5/26 MP: 2/2
   733 | D:1      | You fall into a shaft and drop 1 floor!
   761 | D:2      | Reached XP level 3. HP: 30/33 MP: 3/3
  1030 | D:2      | Reached XP level 4. HP: 40/40 MP: 4/4
  1160 | D:2      | Reached skill level 4 in Fighting
  2661 | D:3      | Reached XP level 5. HP: 46/46 MP: 5/5
  3767 | D:4      | Found Caawn's Antique Weapon Boutique.
  3818 | D:4      | Found Mibrimy's Weapon Boutique.
  3847 | D:4      | Noticed an ogre
  3868 | D:4      | Killed an ogre
  3868 | D:4      | Reached XP level 6. HP: 10/55 MP: 2/6
  4243 | D:4      | Found Zakarr's Magic Scroll Shoppe.
  4261 | D:4      | Found a staircase to the Ecumenical Temple.
  4265 | D:4      | Found Ymok's Assorted Antiques.
  4281 | Temple   | Entered the Ecumenical Temple
  4318 | Temple   | Became a worshipper of Ashenzari the Shackled
  4492 | D:4      | Reached skill level 5 in Fighting
  4589 | D:4      | Noticed Menkaure
  4607 | D:4      | Killed Menkaure
  4607 | D:4      | Your scales start taking on a glossy black colour.
  4607 | D:4      | Reached XP level 7. HP: 7/61 MP: 1/7
  4607 | D:4      | Gained mutation: You are resistant to electric shocks.
                  | (rElec) [Black Draconian growth]
  4990 | D:4      | Reached skill level 5 in Shields
  5025 | D:4      | Found Fashrub's Assorted Antiques.
  5246 | D:4      | Noticed Edmund
  5261 | D:4      | Killed Edmund
  5420 | D:5      | Entered Level 5 of the Dungeon
  5503 | D:5      | Reached skill level 6 in Fighting
  5534 | D:5      | Reached skill level 5 in Dodging
  5534 | D:5      | Reached XP level 8. HP: 60/70 MP: 6/8
  5535 | D:5      | Reached skill level 5 in Long Blades
  6387 | D:6      | Reached skill level 7 in Fighting
  7222 | D:6      | Reached * piety under Ashenzari
  7386 | D:6      | Noticed Prince Ribbit
  7428 | D:6      | Reached XP level 9. HP: 74/79 MP: 7/9
  7459 | D:6      | Learned a level 4 spell: Petrify
  8927 | D:8      | Reached ** piety under Ashenzari
  9088 | D:8      | Reached skill level 8 in Fighting
 10050 | D:8      | Reached XP level 10. HP: 86/90 MP: 8/10
 10205 | D:9      | Noticed Maggie
 10229 | D:9      | Killed Maggie
 11087 | D:9      | HP: 5/135 [something/nerve-wracking pain (2)]
 11458 | D:9      | Reached skill level 9 in Fighting
 11497 | D:9      | Reached skill level 1 in Evocations
 12400 | D:9      | Found a staircase to the Lair.
 12506 | D:9      | Found a radiant altar of Vehumet.
 12758 | D:10     | Entered Level 10 of the Dungeon
 12763 | D:10     | Noticed Grum
 12811 | D:10     | Killed from afar by a vampire

Illustrated notes

Levels and vault maps discovered:
D:1:      minmay_arrival_hallway, layout_rooms
D:2:      layout_basic, grunt_ministairs_8
D:3:      layout_loops_cross, minivault_23, kennysheep_potato
D:4:      layout_basic, minmay_temple_entry_wispy, serial_shops,
          kennysheep_mini_moat, nicolae_shop_stone,
          nicolae_shop_temple_entry_statues_fountains, shop, shop,
          minmay_vboxes, uniq_edmund, uniq_menkaure
D:5:      layout_rooms
D:6:      lemuel_ice_spiral_2, layout_basic, uniq_prince_ribbit1
D:7:      layout_loops_corners
D:8:      layout_gridville
D:9:      layout_roguey, overflow_temple_1_default, minmay_lair_entry_grove,
          special_room [special_room_bee], uniq_maggie
D:10:     layout_loops_ring, erik_orc_4, uniq_josephine, uniq_sonja, uniq_grum,
          uniq_harold
Temple:   kilobyte_greek_temple

Skill      XL: |  1  2  3  4  5  6  7  8  9 10 |
---------------+-------------------------------+-----
Dodging        | 3 4 5 6 7 8 |  8.0
Fighting       | 4 5 6 7 8 9 |  9.0
Long Blades    | 3 4 6 7 8 |  8.4
Shields        | 4 5 6 7 8 |  8.8
Evocations     | 2 |  2.7

Action                   |  1- 3 |  4- 6 |  7- 9 | 10-12 || total
-------------------------+-------+-------+-------+-------++-------
Melee: Long sword        |    99 |   157 |   325 |   312 ||   893
       Tailslap          |     8 |    18 |    63 |    36 ||   125
       Falchion          |       |    63 |   108 |       ||   171
Invok: Curse Item        |       |     1 |       |       ||     1
 Abil: Breathe Lightning |       |       |     7 |     3 ||    10
Evoke: Wand              |       |       |       |     1 ||     1
  Use: Scroll            |       |     5 |    12 |     5 ||    22
       Potion            |       |     2 |       |     8 ||    10
Armor: Skin              |    35 |    66 |   110 |   112 ||   323
Dodge: Dodged            |    62 |    88 |   204 |   117 ||   471
Block: Kite shield       |    57 |   112 |   211 |   187 ||   567
       Rpst.: Long sword |    21 |    26 |    47 |    30 ||   124
       Falchion          |       |     6 |    18 |       ||    24

Table legend: (Time is in decaauts)
 A = Elapsed time spent in this place.
 B = Non-inter-level travel time spent in this place.
 C = Inter-level travel time spent in this place.
 D = Time resting spent in this place.
 E = Time spent auto-exploring this place.
 F = Levels seen in this place.
 G = Mean time per level.
                   A        B        C        D        E       F      G
               +--------+--------+--------+--------+--------+-----+--------+
         Total |  12953 |  12487 |    466 |   4714 |   5321 |  11 | 1177.5 |
       Dungeon |  12795 |  12336 |    459 |   4714 |   5227 |  10 | 1279.5 |
        Temple |    158 |    151 |      7 |      0 |     94 |   1 |  158.0 |
               +--------+--------+--------+--------+--------+-----+--------+

Top non-repeatable levels by time:
     D:9: 2536 daAuts
     D:4: 1861 daAuts
     D:6: 1660 daAuts
     D:8: 1506 daAuts
     D:2: 1369 daAuts
     D:3: 1202 daAuts
     D:7: 997 daAuts
     D:1: 940 daAuts
     D:5: 672 daAuts
  Temple: 158 daAuts
    D:10: 49 daAuts
